 Dungeon Crawl Stone Soup version 0.25-a0-424-g80bd347ae0 (webtiles) character file.

Game seed: 11786360712804211354, levelgen mode: deterministic

4 Nattfarinn the Caller (level 1, -2/10 HPs)
             Began as a Tengu Summoner on Jan 23, 2020.
             Slain by a kobold (3 damage)
             ... on level 1 of the Dungeon.
             The game lasted 00:00:48 (471 turns).

Nattfarinn the Caller (Tengu Summoner)               Turns: 471, Time: 00:00:48

Health: -2/10      AC:  3    Str:  8    XL:     1   Next: 60%
Magic:  1/4        EV: 12    Int: 15    God:
Gold:   15         SH:  0    Dex: 14    Spells: 3/4 levels left

rFire    . . .     SeeInvis .   (no weapon)
rCold    . . .     Gourm    .   (no shield)
rNeg     . . .     Faith    .   b - +0 leather armour
rPois    .         Spirit   .   (helmet restricted)
rElec    .         Reflect  .   (no cloak)
rCorr    .         Harm     .   (no gloves)
MR       .....                  (boots unavailable)
Stlth    ++........             (no amulet)
HPRegen  0.03/turn              (no ring)
MPRegen  0.09/turn              (no ring)

@: no status effects
A: beak, talons 3
a: no special abilities


You were on level 1 of the Dungeon.
You were not hungry.

You visited 1 branch of the dungeon, and saw 1 of its levels.

You collected 15 gold pieces.

Inventory:

Armour
 a - a +0 robe
 b - a +0 leather armour (worn)
Scrolls
 d - a scroll of enchant armour {unknown}
Potions
 e - a potion of degeneration {unknown}
Comestibles
 c - 2 rations


   Skills:
 + Level 0.2 Fighting
 * Level 0.5 Armour
 - Level 2.1 Dodging
 - Level 2.0 Stealth
 + Level 2.0 Spellcasting
 + Level 4.9 Summonings


You had 3 spell levels left.
You knew the following spells:

 Your Spells              Type           Power        Failure   Level  Hunger
a - Summon Small Mammal   Summ           ###.         4%          1    #......

Your spell library contained the following spells:

 Spells                   Type           Power        Failure   Level  Hunger
 Call Imp                 Summ           ###.....     6%          2    ###....
 Call Canine Familiar     Summ           ###.....     13%         3    ###....
 Summon Guardian Golem    Hex/Summ       #.......     34%         3    ###....
 Summon Ice Beast         Ice/Summ       #.......     75%         4    #####..
 Summon Lightning Spire   Summ/Air       #.......     75%         4    #####..


Dungeon Overview and Level Annotations

Branches:
Dungeon (1/15)

Altars:


Innate Abilities, Weirdness & Mutations

You have a beak for a mouth.
You have claws for feet.


Message History

Orders for allies: a - Attack new target. r - Retreat! s - Stop attacking. g - Guard the area. f - Follow me.
Anything else - Cancel.
Gang up on whom?
Press: ? - help, Dir - move target cursor, f - kobold
Aim: a kobold Attack!
Your bat hits the kobold but does no damage. x2
Your rat closely misses the kobold.
The kobold hits your bat.
Your rat bites the bat but does no damage.
Your bat closely misses the kobold.
Your bat hits the kobold but does no damage.
Your bat hits the bat.
Your rat barely misses the kobold.
Your rat closely misses the bat.
You hit the kobold but do no damage. You claw the kobold.
The kobold is severely wounded.
Your bat closely misses the bat.
Your bat closely misses the kobold.
Your rat completely misses the bat.
The kobold hits you.
You die...

.... .... #...
######...# #...
#........# #...
#........# #.
...##........#
#...####..........#
.#
.........b........#
.# #@..........##.#
. #K##.........#.##.
###b#######.##......
#.r...#####.........
#.†rb.#.............
#.....#.#....##...#.
#.....#.#....##...#.
#.....#.###.###...#.
............#.# #.#
#...#.


You could see a bat, a kobold, 2 friendly bats and 2 friendly rats.

Vanquished Creatures
  A goblin (D:1)
  A hobgoblin (D:1)
2 creatures vanquished.

Vanquished Creatures (collateral kills)
  A ball python (D:1)
  A rat (D:1)
2 creatures vanquished.

Grand Total: 4 creatures vanquished

Notes
Turn   | Place    | Note
-------+----------+-------------------------------------------
     0 | D:1      | Nattfarinn the Tengu Summoner began the quest for the Orb.
     0 | D:1      | Reached XP level 1. HP: 10/10 MP: 4/4
   471 | D:1      | Slain by a kobold

Levels and vault maps discovered:
D:1:      wheals_arrival_linesprint, layout_basic, solitary_fountain,
          minmay_split_cup_large

Action                   || total
-------------------------++-------
Melee: Unarmed           ||    14
       Kick              ||     3
       Peck              ||     1
 Cast: Summon Small Mamm ||     4
Armor: Robe              ||     3
       Leather armour    ||     3
Dodge: Dodged            ||    15

Table legend:
 A = Non-vault XP
 B = Vault XP
 C = Vault XP percentage of total XP
 D = Non-vault monster count
 E = Vault monster count
 F = Vault count percentage of total count
                 A         B        C        D         E       F
            +---------+---------+-------+---------+---------+-------
      Total |       4 |       2 |  33.3 |       2 |       2 |  50.0
            +---------+---------+-------+---------+---------+-------
        D:1 |       4 |       2 |  33.3 |       2 |       2 |  50.0
            +---------+---------+-------+---------+---------+-------
